 Dungeon Crawl Stone Soup version 0.31-a0-981-geadf994542 (webtiles) character file.

Game seed: 5009830881712754158

29 Whiskey the Changeling (level 3, 0/24 HPs)
             Began as an Octopode Shapeshifter on Nov 2, 2023.
             Slain by a gnoll
             ... wielding a +0 club
              (8 damage)
             ... on level 2 of the Dungeon.
             The game lasted 00:01:32 (1113 turns).

Whiskey the Changeling (Octopode Shapeshifter)      Turns: 1113, Time: 00:01:33

Health: 0/24       AC:  1    Str: 19    XL:     3   Next: 16%
Magic:  3/3        EV: 13    Int: 14    God:
Gold:   98         SH:  0    Dex: 11    Spells: 2/2 levels left

rFire   . .          .
                       - Unarmed
rCold   . . .        (no shield)
rNeg    . . .        (helmet currently unavailable)
rPois   .            (no amulet)
rElec   .            d - +6 ring of strength
rCorr   .            (no ring)
SInv    .            (no ring)
Will    .....        (no ring)
Stlth   ++           (no ring)
HPRegen 0.24/turn    (no ring)
MPRegen 0.08/turn    (no ring)
                     (no ring)

%: no passive effects
@: beast-form
A: beast (slay +2), almost no armour, amphibious, 8 rings, camouflage 1,
gelatinous body 1, (nimble swimmer 1), tentacles
a: Begin Untransformation


You were on level 2 of the Dungeon.
You were a hulking beast.
You visited 1 branch of the dungeon, and saw 2 of its levels.

You collected 98 gold pieces.

Inventory:

Magical Staves
 i - a staff of fire {rF+}
   (You found it on level 1 of the Dungeon)
Jewellery
 d - a +6 ring of strength (left tentacle)
   (You found it on level 1 of the Dungeon)
Talismans
 b - a beast talisman
 c - a flux talisman
Scrolls
 g - a scroll of amnesia {unknown}
 h - a scroll of teleportation {unknown}
 j - a scroll of revelation {unknown}
 k - a scroll of identify {unknown}
 l - a scroll of vulnerability {unknown}
 m - a scroll of immolation {unknown}
Potions
 a - a potion of lignification {!q}
 e - a potion of ambrosia {unknown}
 f - a potion of attraction {unknown}


   Skills:
 + Level 1.8 Fighting
 - Level 2.0 Dodging
 - Level 3.0 Unarmed Combat
 * Level 3.7 Shapeshifting


You had 2 spell levels left.
You didn't know any spells.
Your spell library was empty.

Dungeon Overview and Level Annotations

Branches:
Dungeon (2/15)

Altars:
Vehumet


Innate Abilities, Weirdness & Mutations

You are a hulking beast.
Your limbs bulge with bestial killing power. (Slay +2)
You cannot wear most types of armour.
You are amphibious.
You can wear up to eight rings at the same time.
Your skin changes colour to match your surroundings (Stealth+).
Your rubbery body absorbs attacks. (AC +1, EV +1)
((You are camouflaged when in or above water. (Stealth+)))
You have tentacles for arms and can constrict up to eight enemies at once.


Message History

No target in view!
No target in view!
A hobgoblin comes into view.
Health restored: 18 The hobgoblin shouts!
A hobgoblin comes into view.
The hobgoblin shouts!
You closely miss the hobgoblin. Your grab misses the hobgoblin.
The hobgoblin closely misses you.
You tentacle-slap the hobgoblin but do no damage.
Your grab misses the hobgoblin. You closely miss the hobgoblin.
You grab the hobgoblin. You tentacle-slap the hobgoblin.
You kill the hobgoblin!
You tentacle-slap the hobgoblin but do no damage.
You grab the hobgoblin. You constrict the hobgoblin.
The hobgoblin closely misses you.
You bludgeon the hobgoblin!
You kill the hobgoblin!
No target in view!
No target in view!
No target in view!
No target in view!
No target in view!
Done exploring.
Done exploring.
Things that are here:
a +0 whip; a kobold skeleton
There is a stone staircase leading down here.
You climb downwards.
There is a stone staircase leading up here.
j - a scroll labelled UTRATO EPUDOF You now have 98 gold pieces (gained 9).
A kobold comes into view. It is wielding a +0 dagger.
You see here a scroll labelled HUCEPO YTAP.
A kobold is nearby!
The kobold shouts!
You see here a scroll labelled HUCEPO YTAP.
k - a scroll labelled HUCEPO YTAP The kobold throws a stone.
The stone hits you.
You take 1 damage, and have 17/18 hp.
The kobold hits you with a +0 dagger.
You take 1 damage, and have 16/18 hp.
You tentacle-slap the kobold.
You kill the kobold!
No target in view!
No target in view!
No target in view!
No target in view!
No target in view!
No target in view!
No target in view!
No target in view!
No target in view!
No target in view!
No target in view!
No target in view!
Things that are here:
a +0 dagger; a stone; a kobold corpse
Found a stone staircase leading down.
Health restored: 18
l - a scroll labelled WOCZORECKU
Found a stone staircase leading up.
There is a stone staircase leading up here.
Found a radiant altar of Vehumet.
m - a scroll labelled LEAPOE RUPOPUOT You see here a +0 hand axe.
Found a stone staircase leading down.
A gnoll comes into view. It is wielding a +0 whip.
The gnoll shouts!
A gnoll comes into view. It is wielding a +0 club.
The gnoll barely misses you.
The gnoll shouts!
You tentacle-slap the gnoll. You grab the gnoll. You constrict the gnoll.
A gnoll opens the door.
The gnoll hits you with a +0 whip.
A gnoll sergeant comes into view. It is wielding a +0 spear of venom.
You take 5 damage, and have 13/18 hp.
MASSIVE DAMAGE!!
You tentacle-slap the gnoll. You constrict the gnoll.
The gnoll sergeant shouts!
The gnoll hits you with a +0 whip.
A gnoll comes into view. It is wielding a +0 spear.
You take 2 damage, and have 11/18 hp.
The gnoll shouts!
You tentacle-slap the gnoll.
You kill the gnoll!
You have reached level 3!
Your experience leads to an increase in your attributes!
Your base attributes are Str 13, Int 12, Dex 11.
Increase (s)trength, (i)ntelligence, or (d)exterity?
You feel clever. x2
You regained 4 hp, and now have 15/24 hp.
MP restored: 3 The gnoll attacks as it pursues you!
The gnoll hits you with a +0 club.
You take 6 damage, and have 9/24 hp.
MASSIVE DAMAGE!!
The gnoll attacks as it pursues you! The gnoll hits you with a +0 club.
* * * LOW HITPOINT WARNING * * *
You take 2 damage, and have 7/24 hp.
The gnoll attacks as it pursues you! The gnoll barely misses you.
The gnoll attacks as it pursues you! The gnoll hits you with a +0 club!
You die...

###..#####..#.#
##..####....##
#.....#.....# ♣♣♣♣
#####.......# ...♣
###.._..# #..♣♣
#.......# .
#..).♣♣♣###.....#
..#.♣..g.♣♣#...#.##
..'..g)..gg..gh#.#
.$#..♣..)♣♣#...#.#
..#....♣♣♣ #...#.#
#..♣♣ ###.# ..)♣
#.# ♣♣♣♣ #.# #.#
#.#


You could see a gnoll sergeant and 3 gnolls.

Vanquished Creatures
  A gnoll (D:2)
  A dart slug (D:1)
  2 bats (D:1)
  An endoplasm (D:1)
  A giant cockroach (D:1)
  A goblin (D:1)
  4 hobgoblins (D:1)
  A quokka (D:1)
  A ball python (D:1)
  2 kobolds
  A rat (D:1)
16 creatures vanquished.

Notes
Turn   | Place    | Note
-------+----------+-------------------------------------------
     0 | D:1      | Whiskey the Octopode Shapeshifter began the quest for the
                  | Orb.
     0 | D:1      | Reached XP level 1. HP: 13/13 MP: 1/1
   324 | D:1      | Reached XP level 2. HP: 18/18 MP: 2/2
  1060 | D:2      | Found a radiant altar of Vehumet.
  1105 | D:2      | Noticed a gnoll sergeant
  1107 | D:2      | Reached XP level 3. HP: 15/24 MP: 3/3
  1113 | D:2      | Slain by a gnoll

Illustrated notes

Levels and vault maps discovered:
D:1:      evilmike_arrival_home_sweet_home, layout_basic,
          dreamdust_mushroom_princess, nicolae_figureground_sparkle
D:2:      layout_basic, basic_altar, nicolae_kite_square_tiling_tiny,
          pf_guarded_unrand_woodcutter, uniq_terence

Action                     || total
---------------------------++-------
  Melee: Unarmed           ||    31
         Constrict         ||    10
         Punch             ||     2
         Tentacles         ||     1
   Stab: Sleeping          ||     5
 Armour: Skin              ||    15
  Dodge: Dodged            ||    23

Table legend: (Time is in decaauts)
 A = Elapsed time spent in this place.
 B = Non-inter-level travel time spent in this place.
 C = Inter-level travel time spent in this place.
 D = Time resting spent in this place.
 E = Time spent auto-exploring this place.
 F = Levels seen in this place.
 G = Mean time per level.
                   A        B        C        D        E       F      G
               +--------+--------+--------+--------+--------+-----+--------+
         Total |   1110 |   1078 |     32 |      0 |    950 |   2 |  555.0 |
       Dungeon |   1110 |   1078 |     32 |      0 |    950 |   2 |  555.0 |
               +--------+--------+--------+--------+--------+-----+--------+

Top non-repeatable levels by time:
     D:1: 990 daAuts
     D:2: 119 daAuts

Levels and vault maps discovered:
D:1:      evilmike_arrival_home_sweet_home, layout_basic,
          dreamdust_mushroom_princess, nicolae_figureground_sparkle
D:2:      layout_basic, basic_altar, nicolae_kite_square_tiling_tiny,
          pf_guarded_unrand_woodcutter, uniq_terence

Table legend: (Time is in decaauts)
 A = Elapsed time spent in this place.
 B = Non-inter-level travel time spent in this place.
 C = Inter-level travel time spent in this place.
 D = Time resting spent in this place.
 E = Time spent auto-exploring this place.
 F = Levels seen in this place.
 G = Mean time per level.
                   A        B        C        D        E       F      G
               +--------+--------+--------+--------+--------+-----+--------+
         Total |   1110 |   1078 |     32 |      0 |    950 |   2 |  555.0 |
       Dungeon |   1110 |   1078 |     32 |      0 |    950 |   2 |  555.0 |
               +--------+--------+--------+--------+--------+-----+--------+

Top non-repeatable levels by time:
     D:1: 990 daAuts
     D:2: 119 daAuts

Table legend:
 A = Kills in this place as a percentage of kills in the entire game.
 B = Kills by you in this place as a percentage of kills by you in the entire game.
 C = Kills by friends in this place as a percentage of kills by friends in the entire game.
 D = Other kills in this place as a percentage of other kills in the entire game.
 E = Experience gained in this place as a percentage of experience gained in the entire game.
 F = Experience gained in this place divided by the number of levels of this place that you have seen.
                   A       B       C       D       E      F
               +-------+-------+-------+-------+-------+----------------------
         Total | 100.0 | 100.0 |   N/A |   N/A | 100.0 |  21.0
       Dungeon | 100.0 | 100.0 |   N/A |   N/A | 100.0 |  21.0
               +-------+-------+-------+-------+-------+----------------------
